 Dungeon Crawl Stone Soup version 0.30-a0-613-gdd512c7efb (webtiles) character file.

Game seed: 13244956930453117170

46 timneilson the Covered (level 3, -8/23 HPs)
             Began as a Gargoyle Fighter on Jan 9, 2023.
             Killed from afar by Ijyb (12 damage)
             ... with a puff of flame
             ... on level 2 of the Dungeon.
             The game lasted 00:02:11 (1285 turns).

timneilson the Covered (Gargoyle Fighter)           Turns: 1285, Time: 00:02:12

Health: -8/23      AC: 10    Str: 21    XL:     3   Next: 66%
Magic:  3/3        EV:  9    Int:  8    God:
Gold:   496        SH:  4    Dex:  9    Spells: 2/2 levels left

rFire   . . .      SeeInvis .    a - +0 long sword
rCold   . . .      Faith    .    c - +0 buckler
rNeg    + . .      Spirit   .    b - +0 scale mail
rPois   ∞          Reflect  .    (no helmet)
rElec   +          Harm     .    (no cloak)
rCorr   .          Rampage  .    (no gloves)
Will    .....                    (no boots) Stlth
                                 (no amulet)
HPRegen 0.23/turn                (no ring)
MPRegen 0.08/turn                (no ring)

@: no status effects
A: sickness immunity, AC +3, negative energy resistance 1, electricity
resistance, torment resistance 1, petrification resistance
a: no special abilities


You were on level 2 of the Dungeon.
You visited 1 branch of the dungeon, and saw 2 of its levels.

You collected 496 gold pieces.

Inventory:

Hand Weapons
 a - a +0 long sword (weapon)
Armour
 b - a +0 scale mail (worn)
 c - a +0 buckler (worn)
Potions
 d - 2 potions of might
 e - a potion of haste {unknown}
 f - a potion of ambrosia {unknown}
 g - a potion of flight {unknown}
 h - a potion of cancellation {unknown}


   Skills:
 + Level 3.5 Fighting
 * Level 2.2 Long Blades
 * Level 3.8 Armour
 + Level 0.6 Dodging
 * Level 3.7 Shields


You had 2 spell levels left.
You didn't know any spells.
Your spell library was empty.

Dungeon Overview and Level Annotations

Branches:
Dungeon (2/15)

Altars:

Annotations:
D:2 Ijyb


Innate Abilities, Weirdness & Mutations

You are immune to sickness and miasma.
Your stone body is resilient. (AC +3)
You are immune to poison.
You resist negative energy. (rN+)
You are resistant to electric shocks. (rElec)
You are resistant to unholy torment.
You are immune to petrification.


Message History

Found a stone staircase leading down.
There is a stone staircase leading down here.
The goblin attacks as you move away! The goblin hits you but does no damage.
You hit the goblin.
The goblin is almost dead.
The goblin hits you with a +0 dagger.
You closely miss the goblin.
The goblin is almost dead.
The goblin closely misses you. The goblin hits you with a +0 dagger.
You hit the goblin.
You kill the goblin!
You slash the goblin!
You kill the goblin!
You block the goblin's attack.
You closely miss the goblin. The goblin barely misses you.
You barely miss the goblin. You hit Ijyb.
Ijyb is lightly wounded.
You barely miss Ijyb.
Ijyb is lightly wounded.
Ijyb hits you but does no damage. Ijyb misses you.
You miss Ijyb.
Ijyb is lightly wounded.
Ijyb zaps a wand.
The puff of flame misses you.
You closely miss Ijyb.
Ijyb is lightly wounded.
Ijyb hits you with a +0 club.
You closely miss Ijyb.
Ijyb is lightly wounded.
Ijyb zaps a wand.
The puff of flame hits you.
* * * LOW HITPOINT WARNING * * *
Ijyb closely misses you.
You hit Ijyb.
Ijyb is moderately wounded.
Ijyb barely misses you.
You barely miss Ijyb.
Ijyb is moderately wounded.
Ijyb zaps a wand.
The puff of flame hits you!
Ouch! That really hurt!
You die...

..........##.........
......S...#.....###.#
......g.gg#.....#....
8.8.8.8.g.#>....#.#.#
########g.###.#.#.#.#
#.#.###.......g.#
#.#.#.#.#
..........gg...##
#........
##.###S###########........
#ggg@................
#####.#######........ .#
#######+#.### .#
#.........### ..
+............ .#
#............ .#
#......#.#.#. ..
#............
#.....#.#.#.#


You could see Ijyb, 2 goblins and a ball python.

Vanquished Creatures
  A worm (D:2)
  6 ball pythons
  6 endoplasms
  A giant cockroach (D:1)
  5 goblins
  7 hobgoblins
  A quokka (D:2)
  2 bats
  4 frilled lizards
  A kobold (D:1)
  6 rats
40 creatures vanquished.

Notes
Turn   | Place    | Note
-------+----------+-------------------------------------------
     0 | D:1      | timneilson the Gargoyle Fighter began the quest for the
                  | Orb.
     0 | D:1      | Reached XP level 1. HP: 14/14 MP: 1/1
   117 | D:1      | Reached XP level 2. HP: 19/19 MP: 2/2
   584 | D:1      | Reached XP level 3. HP: 23/23 MP: 3/3
   917 | D:1      | Identified a scroll of acquirement
   917 | D:1      | Acquired 440 gold pieces
  1256 | D:2      | Noticed Ijyb
  1285 | D:2      | Killed from afar by Ijyb

Illustrated notes

Levels and vault maps discovered:
D:1:      roderic_crossed_star, layout_basic
D:2:      kennysheep_the_goblin_king, layout_basic, serial_shops, shop_statue,
          grunt_ministairs_6, hex_medium, uniq_crazy_yiuf_cottage

Skill      XL: |  1  2 |
---------------+-------+-----
Long Blades    | 2 |  2.2
Fighting       | |  3.5
Armour         | |  3.8
Dodging        | |  0.6
Shields        | |  3.7

Action                   || total
-------------------------++-------
Melee: Long sword        ||   151
  Use: Scroll            ||     3
Armor: Scale mail        ||    82
Dodge: Dodged            ||    85
Block: Buckler           ||    33

Table legend: (Time is in decaauts)
 A = Elapsed time spent in this place.
 B = Non-inter-level travel time spent in this place.
 C = Inter-level travel time spent in this place.
 D = Time resting spent in this place.
 E = Time spent auto-exploring this place.
 F = Levels seen in this place.
 G = Mean time per level.
                   A        B        C        D        E       F      G
               +--------+--------+--------+--------+--------+-----+--------+
         Total |   1335 |   1329 |      6 |      0 |    991 |   2 |  667.5 |
       Dungeon |   1335 |   1329 |      6 |      0 |    991 |   2 |  667.5 |
               +--------+--------+--------+--------+--------+-----+--------+

Top non-repeatable levels by time:
     D:1: 952 daAuts
     D:2: 382 daAuts
